 Dungeon Crawl Stone Soup version 0.22-a0-570-g58866f5 (webtiles) character file.

590 kae the Chopper (level 7, -5/63 HPs)
             Began as a Deep Dwarf Fighter on June 30, 2018.
             Was a Believer of Makhleb.
             Slain by a troll (8 damage)
             ... on level 5 of the Dungeon.
             The game lasted 00:03:57 (3254 turns).

kae the Chopper (Deep Dwarf Fighter)                Turns: 3254, Time: 00:03:58

Health: -5/63      AC:  7    Str: 21    XL:     7   Next: 15%
Magic:  7/7        EV:  9    Int:  9    God:    Makhleb [**....]
Gold:   252        SH: 10    Dex: 12    Spells: 6/6 levels left

rFire    . . .     SeeInvis .   a - +1 war axe
rCold    . . .     Gourm    .   c - +0 shield
rNeg     . . .     Faith    .   b - +0 scale mail
rPois    .         Spirit   .   (no helmet)
rElec    +         Reflect  .   (no cloak)
rCorr    .         Harm     .   (no gloves)
MR       +....                  (no boots)
Stlth    ..........             (no amulet)
HPRegen  0.00/turn              (no ring)
MPRegen  0.10/turn              (no ring)

@: non-regenerating
A: damage resistance, heal wounds, low mp 1, sense surroundings 1, electricity
resistance, no regeneration
a: Heal Wounds, Minor Destruction, Renounce Religion


You were on level 5 of the Dungeon.
You worshipped Makhleb.
Makhleb was pleased with you.
You were not hungry.

You visited 1 branch of the dungeon, and saw 5 of its levels.

You collected 252 gold pieces.

Inventory:

Hand Weapons
 a - a +1 war axe (weapon)
Armour
 b - a +0 scale mail (worn)
 c - a +0 shield (worn)
Wands
 m - a wand of flame (32)
Scrolls
 g - a scroll of amnesia
 h - a scroll of teleportation
 i - 4 scrolls of fog
 j - 3 scrolls of noise
 k - a scroll of remove curse
 l - 2 scrolls of identify
 o - a scroll of enchant weapon
 q - a scroll of fear
Potions
 e - a potion of resistance
 n - a potion of curing
Comestibles
 f - 9 rations


   Skills:
 + Level 3.8 Fighting
 * Level 5.2 Axes
 + Level 4.5 Armour
 + Level 3.0 Dodging
 + Level 4.4 Shields
 + Level 2.8 Invocations


You had 6 spell levels left.
You didn't know any spells.
Your spell library was empty.

Dungeon Overview and Level Annotations

Branches:
Dungeon (5/15)
 Temple: D:4-7

Altars:
Dithmenos
Elyvilon
Hepliaklqana
Kikubaaqudgha
Makhleb
Nemelex Xobeh
Okawaru
Qazlal
Ru
Sif Muna
Uskayaw
Vehumet
Wu Jian


Innate Abilities, Weirdness & Mutations

You are resistant to damage.
You can heal yourself by infusing magical energy.
You passively map a small area around you.
You do not regenerate.
Your magical capacity is low. (-10% MP)
You are resistant to electric shocks. (rElec)


Message History

* * * LOW HITPOINT WARNING * * *
The troll closely misses you.
You completely miss the troll.
The troll is severely wounded.
The troll barely misses you. You block the troll's attack. The troll claws you!
* * * LOW HITPOINT WARNING * * *
You barely miss the troll.
The troll is severely wounded.
The troll bites you!
* * * LOW HITPOINT WARNING * * *
You block the troll's attack. The troll claws you but does no damage.
The troll closely misses you. The troll barely misses you. x2
You closely miss the troll.
The troll is severely wounded.
The troll completely misses you. The troll barely misses you.
You block the troll's attack.
You closely miss the troll.
The troll is severely wounded.
You block the troll's attack. The troll claws you!
You die...

##........######.....###.# #
,>..............#.........# #
*#.......######.######.######
#.###.#.# *,# #.#....# ..,#.#
*.# #.#.##.. ##* #.######.#
#.#.##.. ,#....#...*
###.#.##.. ***,####.#.# *
#...).#### * *, , #T@.#
###...### # , ...../.###
#.#...# ### ,
....##.######.#...# #.. ...
*#.. .....#...####.# , . ,,
### #..#........# , *
#.....####### , , #.....# ,,
* #.###.# , ,, * #.# #[#


You could see a troll.

Vanquished Creatures
  An ogre (D:4)
  A gnoll sergeant (D:3)
  2 howler monkeys
  2 hounds
  Jessica (D:2)
  An iguana (D:5)
  A howler monkey zombie (D:5)
  5 gnolls (D:3)
  8 adders
  A shadow imp (D:5)
  An ooze (D:2)
  2 adder skeletons (D:4)
  4 worms
  A dart slug (D:1)
  2 leopard geckos (D:1)
  5 orcs
  3 ball pythons
  8 bats
  4 giant cockroaches
  9 goblins
  6 hobgoblins
  11 jackals
  A quokka (D:3)
  9 frilled lizards
  9 kobolds
  13 rats
111 creatures vanquished.

Notes
Turn   | Place    | Note
-------+----------+-------------------------------------------
     0 | D:1      | kae the Deep Dwarf Fighter began the quest for the Orb.
     0 | D:1      | Reached XP level 1. HP: 20/20 MP: 1/1
     8 | D:1      | Noticed a centaur
   109 | D:1      | Reached XP level 2. HP: 24/27 MP: 2/2
   484 | D:1      | Reached skill level 3 in Axes
   484 | D:1      | Reached skill level 1 in Dodging
   484 | D:1      | Reached XP level 3. HP: 32/33 MP: 3/3
   553 | D:1      | Found a sparkling altar of Nemelex Xobeh.
  1151 | D:2      | Noticed Jessica
  1171 | D:2      | Killed Jessica
  1171 | D:2      | Reached XP level 4. HP: 39/42 MP: 4/4
  1185 | D:2      | Found a sparkling altar of Nemelex Xobeh.
  1187 | D:2      | Found an ancient bone altar of Kikubaaqudgha.
  1191 | D:2      | Found a burning altar of Makhleb.
  1192 | D:2      | Found a deep blue altar of Sif Muna.
  1193 | D:2      | Found a stormy altar of Qazlal.
  1193 | D:2      | Found a sacrificial altar of Ru.
  1193 | D:2      | Found a hide-covered altar of Uskayaw.
  1193 | D:2      | Found a shadowy altar of Dithmenos.
  1194 | D:2      | Found a radiant altar of Vehumet.
  1197 | D:2      | Became a worshipper of Makhleb the Destroyer
  1207 | D:2      | Found an ornate altar of the Wu Jian Council.
  1208 | D:2      | Found an iron altar of Okawaru.
  1210 | D:2      | Found a hazy altar of Hepliaklqana.
  1531 | D:2      | Reached skill level 1 in Invocations
  1531 | D:2      | Reached XP level 5. HP: 38/49 MP: 5/5
  1659 | D:3      | Reached skill level 4 in Axes
  1671 | D:3      | Reached * piety under Makhleb
  1685 | D:3      | Reached XP level 6. HP: 36/56 MP: 6/6
  2009 | D:3      | Found a white marble altar of Elyvilon.
  2613 | D:4      | Gained mutation: You are partially covered in yellow scales. (AC +2) [potion of mutation]
  2613 | D:4      | Gained mutation: Your mind is acute. (Int +2) [potion of mutation]
  2616 | D:4      | Lost mutation: Your mind is acute. (Int +2) [potion of mutation]
  2616 | D:4      | Lost mutation: You are partially covered in yellow scales. (AC +2) [potion of mutation]
  2616 | D:4      | Gained mutation: Your magical capacity is low. (-10% MP) [potion of mutation]
  2616 | D:4      | Gained mutation: You are resistant to electric shocks. (rElec) [potion of mutation]
  2871 | D:5      | Entered Level 5 of the Dungeon
  2877 | D:5      | Reached skill level 5 in Axes
  3052 | D:5      | Found a sparkling altar of Nemelex Xobeh.
  3081 | D:5      | Reached XP level 7. HP: 63/63 MP: 7/7
  3142 | D:5      | Reached ** piety under Makhleb
  3227 | D:5      | Noticed a troll
  3238 | D:5      | HP: 3/63 [troll (8)]
  3252 | D:5      | HP: 3/63 [troll (6)]
  3254 | D:5      | Slain by a troll

Vault maps used:
D:1:      evilmike_arrival_come_back, serial_co_window_serial,
          co_window_paths_a, co_window_paths_a, co_window_paths_b,
          co_window_paths_a, co_window_paths_a, co_window_of_opportunity_a,
          co_window_corner_a, co_window_paths_a, co_window_cross_1,
          co_window_of_opportunity_c, co_window_paths_c,
          co_window_unsneaky_path_d, co_window_4corner_b, glass_columns_b,
          glass_columns_a, glass_columns_a, glass_columns_c,
          nemelex_xobeh_ov_fountains_minmay
D:2:      minitemple, uniq_jessica
D:3:      elyvilon_altar_1
D:4:      grunt_ministairs_11
D:5:      first_ration, minmay_crystal_room, nemelex_diamond_rough_becter

Skill      XL: |  1  2  3  4  5  6  7 |
---------------+----------------------+-----
Axes           | 3 4 5 |  5.2
Dodging        | 1 2 3 |  3.0
Fighting       | 3 |  3.8
Invocations    | 1 2 |  2.8
Armour         | 4 |  4.5
Shields        | 4 |  4.4

Action                   |  1- 3 |  4- 6 |  7- 9 || total
-------------------------+-------+-------+-------++-------
Melee: War axe           |   116 |   225 |    33 ||   374
 Abil: Heal Wounds       |     1 |     4 |     2 ||     7
Evoke: Wand              |       |       |     1 ||     1
  Use: Scroll            |     6 |     5 |       ||    11
       Potion            |       |     7 |       ||     7
  Eat: Chunk             |     1 |     6 |     1 ||     8
Armor: Scale mail        |    55 |   100 |    15 ||   170
Dodge: Dodged            |    42 |   133 |    30 ||   205
Block: Shield            |    72 |   156 |    37 ||   265

Table legend:
 A = Spawn XP
 B = Non-spawn XP
 C = Spawn XP percentage of total XP
 D = Spawn monster count
 E = Non-spawn monster count
 F = Spawn count percentage of total count
 G = Total turns spent on level
                    A         B        C        D         E        F      G
               +---------+---------+-------+---------+---------+-------+---------
         Total |       0 |     843 |   0.0 |       0 |     111 |   0.0 |  3254
               +---------+---------+-------+---------+---------+-------+---------
           D:1 |       0 |      45 |   0.0 |       0 |      27 |   0.0 |   981
           D:2 |       0 |     191 |   0.0 |       0 |      26 |   0.0 |   656
           D:3 |       0 |     234 |   0.0 |       0 |      35 |   0.0 |   527
           D:4 |       0 |     205 |   0.0 |       0 |      12 |   0.0 |   707
           D:5 |       0 |     168 |   0.0 |       0 |      11 |   0.0 |   383
               +---------+---------+-------+---------+---------+-------+---------
